PBL
PHILADELPHIA PHILLIES @ ST. LOUIS CARDINALS
07/31/2071
 
TOP OF THE 1ST
Philadelphia Phillies batting - Pitching for St. Louis Cardinals : RHP Andrés Jaramillo
Pitching: RHP Andrés Jaramillo
Batting: LHB Iván Ruíz 0-0: Called Strike
0-1: Foul Ball, location: 2F
0-2: Foul Ball, location: 7LMF
0-2: DOUBLE (Flyball, 78D, EV 101.9 MPH)
Batting: RHB Atas Sekayi 0-0: Swinging Strike
0-1: Foul Ball, location: 9LDF
0-2: Ball
1-2: Ball
2-2: Strikes out swinging
Batting: LHB John Myers 0-0: Fly out, F7 (Flyball, 7, EV 86.3 MPH)
Batting: RHB Ezra Schneider 0-0: Swinging Strike
0-1: Ball
1-1: Foul Ball, location: 25FF
1-2: Ball
2-2: Ball
3-2: Foul Ball, location: 5SF
3-2: Base on Balls
Batting: RHB Alfonso Díaz 0-0: Foul Ball, location: 3FF
0-1: Ball
1-1: Ball
2-1: Called Strike
2-2: Ball
3-2: SINGLE (Groundball, 4MD, EV 98.1 MPH)
Iván Ruíz to third
Ezra Schneider to second
Iván Ruíz scores
Ezra Schneider to third
Batting: RHB Kei Goto 0-0: Ball
1-0: Ball
2-0: Ball
3-0: Called Strike
3-1: Base on Balls
Alfonso Díaz to second
Batting: LHB Tom Huey 0-0: Swinging Strike
0-1: Fly out, F5 (Popup, 5F, EV 62.5 MPH)
Top of the 1st over - 1 run, 2 hits, 0 errors, 3 left on base; Philadelphia 1 - St. Louis 0
BOTTOM OF THE 1ST
St. Louis Cardinals batting - Pitching for Philadelphia Phillies : RHP Mike Lowery
Pitching: RHP Mike Lowery
Batting: LHB Jack O'Keefe 0-0: Ball
1-0: Foul Ball, location: 2F
1-1: Foul Ball, location: 25F
1-2: Ground out 4-3 (Groundball, 4, EV 91.3 MPH)
Batting: LHB Steve Rivera 0-0: Ball
1-0: Called Strike
1-1: Called Strike
1-2: Ball
2-2: Ball
3-2: Strikes out looking
Batting: RHB Leland Vogler 0-0: Foul Ball, location: 9LDF
0-1: Ball
1-1: Foul Ball, location: 2F
1-2: Fly out, F9 (Flyball, 9S, EV 87.5 MPH)
Bottom of the 1st over - 0 runs, 0 hits, 0 errors, 0 left on base; Philadelphia 1 - St. Louis 0
TOP OF THE 2ND
Philadelphia Phillies batting - Pitching for St. Louis Cardinals : RHP Andrés Jaramillo
Batting: LHB César Pérez 0-0: Ball
1-0: Ball
2-0: Called Strike
2-1: Ground out 3-1 (Groundball, 34, EV 83.8 MPH)
Batting: RHB Vincente López 0-0: Ground out 6-3 (Groundball, 6, EV 99.4 MPH)
Batting: LHB Iván Ruíz 0-0: Called Strike
0-1: Called Strike
0-2: Ground out U3 (Groundball, 3, EV 103.1 MPH)
Top of the 2nd over - 0 runs, 0 hits, 0 errors, 0 left on base; Philadelphia 1 - St. Louis 0
BOTTOM OF THE 2ND
St. Louis Cardinals batting - Pitching for Philadelphia Phillies : RHP Mike Lowery
Batting: LHB Jeremy Dalton 0-0: Ball
1-0: Foul Ball, location: 2F
1-1: Ball
2-1: Called Strike
2-2: Ground out 5-3 (Groundball, 56, EV 78.1 MPH)
Batting: LHB Víctor Becerra 0-0: Ball
1-0: Foul Ball, location: 3DF
1-1: Ground out 1-3 (Groundball, 34S, EV 74.4 MPH)
Batting: RHB Ric Hodges 0-0: Ball
1-0: Ball
2-0: Swinging Strike
2-1: Ball
3-1: Base on Balls
Batting: SHB Emiliano Girometta 0-0: Fielders Choice at 2nd, 6-4 (Groundball, 6, EV 83.8 MPH)
Bottom of the 2nd over - 0 runs, 0 hits, 0 errors, 1 left on base; Philadelphia 1 - St. Louis 0
TOP OF THE 3RD
Philadelphia Phillies batting - Pitching for St. Louis Cardinals : RHP Andrés Jaramillo
Batting: RHB Atas Sekayi 0-0: Ball
1-0: Ball
2-0: SINGLE (Line Drive, 34, EV 98.8 MPH)
Batting: LHB John Myers 0-0: Ball
1-0: Ball
2-0: Called Strike
2-1: Ball
3-1: Foul Ball, location: 2F
3-2: Base on Balls
Atas Sekayi to second
Batting: RHB Ezra Schneider 0-0: Ball
1-0: Fly out, F8 (Line Drive, 8RM, EV 87.5 MPH)
Runner from 2nd tags up, SAFE at 3rd with throw by CF
Batting: RHB Alfonso Díaz 0-0: Called Strike
0-1: Fielders Choice at 2nd, 6-4 (Groundball, 6, EV 89.4 MPH)
Atas Sekayi scores
Batting: RHB Kei Goto 0-0: Reached on error, E6 (Groundball, 6MD, EV 96.9 MPH)
Alfonso Díaz to second
Batting: LHB Tom Huey 0-0: Foul Ball, location: 7LMF
0-1: Foul Ball, location: 7LDF
0-2: Ball
1-2: Ball
2-2: Strikes out swinging
Top of the 3rd over - 1 run, 1 hit, 1 error, 2 left on base; Philadelphia 2 - St. Louis 0
BOTTOM OF THE 3RD
St. Louis Cardinals batting - Pitching for Philadelphia Phillies : RHP Mike Lowery
Batting: RHB Hua Tu 0-0: Ground out 6-3 (Groundball, 6, EV 86.3 MPH)
Batting: RHB Charlie Kerr 0-0: Ball
1-0: Foul Ball, location: 9LSF
1-1: Ball
2-1: Called Strike
2-2: Ball
3-2: Base on Balls
Batting: LHB Jack O'Keefe 0-0: Ball
1-0: Foul Ball, location: 5SF
1-1: SINGLE (Line Drive, 9S, EV 104.4 MPH)
Charlie Kerr to second
Batting: LHB Steve Rivera 0-0: Ball
1-0: Swinging Strike
1-1: SINGLE (Groundball, 34D, EV 98.8 MPH)
Charlie Kerr to third
Jack O'Keefe to second
Runner from 3rd tries for Home, throw by RF and OUT! 9-2
Jack O'Keefe to third
Steve Rivera to second
Batting: RHB Leland Vogler 0-0: Swinging Strike
0-1: Foul Ball, location: 7LDF
0-2: Ball
1-2: Ball
2-2: Strikes out swinging
Bottom of the 3rd over - 0 runs, 2 hits, 0 errors, 2 left on base; Philadelphia 2 - St. Louis 0
TOP OF THE 4TH
Philadelphia Phillies batting - Pitching for St. Louis Cardinals : RHP Andrés Jaramillo
Batting: LHB César Pérez 0-0: Ball
1-0: Ball
2-0: Called Strike
2-1: Ball
3-1: Base on Balls
Batting: RHB Vincente López 0-0: Ball
1-0: Swinging Strike
1-1: Swinging Strike
1-2: Ball
2-2: Fly out, F8 (Line Drive, 8LD, EV 95.0 MPH)
Batting: LHB Iván Ruíz 0-0: Called Strike
0-1: Foul Ball, location: 3FF
0-2: Strikes out looking
Batting: RHB Atas Sekayi 0-0: Ball
1-0: Foul Ball, location: 9LSF
1-1: Called Strike
1-2: Ball
2-2: SINGLE (Line Drive, 56, EV 95.0 MPH)
César Pérez to second
Batting: LHB John Myers 0-0: Ball
1-0: Foul Ball, location: 25F
1-1: Foul Ball, location: 7LSF
1-2: Ball
2-2: Ball
3-2: Ground out 6-3 (Groundball, 4M, EV 86.9 MPH)
Top of the 4th over - 0 runs, 1 hit, 0 errors, 2 left on base; Philadelphia 2 - St. Louis 0
BOTTOM OF THE 4TH
St. Louis Cardinals batting - Pitching for Philadelphia Phillies : RHP Mike Lowery
Batting: LHB Jeremy Dalton 0-0: Called Strike
0-1: Foul Ball, location: 5SF
0-2: Ball
1-2: Fly out, F8 (Flyball, 8LXD, EV 101.9 MPH)
Batting: LHB Víctor Becerra 0-0: Called Strike
0-1: Ball
1-1: Ball
2-1: SINGLE (Groundball, 34D, EV 101.9 MPH)
Batting: RHB Ric Hodges 0-0: Called Strike
0-1: Ball
1-1: Foul Ball, location: 9LDF
1-2: Strikes out swinging
Batting: SHB Emiliano Girometta 0-0: Called Strike
0-1: Fly out, F3 (Popup, 3SF, EV 86.3 MPH)
Bottom of the 4th over - 0 runs, 1 hit, 0 errors, 1 left on base; Philadelphia 2 - St. Louis 0
TOP OF THE 5TH
Philadelphia Phillies batting - Pitching for St. Louis Cardinals : RHP Andrés Jaramillo
Batting: RHB Ezra Schneider 0-0: Ground out 4-3 (Groundball, 4, EV 88.8 MPH)
Batting: RHB Alfonso Díaz 0-0: Called Strike
0-1: Ball
1-1: Foul Ball, location: 2F
1-2: Strikes out swinging
Batting: RHB Kei Goto 0-0: SINGLE (Groundball, 4MD, EV 106.9 MPH)
Batting: LHB Tom Huey 0-0: Called Strike
0-1: Swinging Strike
0-2: Ball
1-2: Ball
2-2: Foul Ball, location: 7LSF
2-2: Ball
3-2: Ground out U3 (Groundball, 3L, EV 106.9 MPH)
Top of the 5th over - 0 runs, 1 hit, 0 errors, 1 left on base; Philadelphia 2 - St. Louis 0
BOTTOM OF THE 5TH
St. Louis Cardinals batting - Pitching for Philadelphia Phillies : RHP Mike Lowery
Batting: RHB Hua Tu 0-0: Called Strike
0-1: Ball
1-1: Called Strike
1-2: Ground out 5-3 (Groundball, 5, EV 100.6 MPH)
Batting: RHB Charlie Kerr 0-0: Ball
1-0: Ball
2-0: Swinging Strike
2-1: Swinging Strike
2-2: Foul Ball, location: 7LMF
2-2: Strikes out swinging
Batting: LHB Jack O'Keefe 0-0: Ball
1-0: Foul Ball, location: 3FF
1-1: Called Strike
1-2: Ball
2-2: Ball
3-2: Fly out, F8 (Flyball, 8LS, EV 86.9 MPH)
Bottom of the 5th over - 0 runs, 0 hits, 0 errors, 0 left on base; Philadelphia 2 - St. Louis 0
TOP OF THE 6TH
Philadelphia Phillies batting - Pitching for St. Louis Cardinals : RHP Andrés Jaramillo
Pitching: RHP Tomás Velasco
Batting: LHB César Pérez 0-0: Ball
1-0: Ball
2-0: DOUBLE (Line Drive, 9LS, EV 106.3 MPH)
Batting: RHB Vincente López 0-0: Foul Ball, location: 7LSF
0-1: Called Strike
0-2: Foul Ball, location: 2F
0-2: Ball
1-2: Foul Ball, location: 2F
1-2: Ball
2-2: Fly out, F8 (Flyball, 78M, EV 80.6 MPH)
Batting: LHB Iván Ruíz 0-0: Swinging Strike
0-1: Foul Ball, location: 7LMF
0-2: Ball
1-2: Strikes out swinging
Batting: RHB Atas Sekayi 0-0: Ball
1-0: Ball
2-0: Called Strike
2-1: SINGLE (Groundball, 4MD, EV 105.6 MPH)
César Pérez to third
Runner from 3rd tries for Home, SAFE, throw by CF to home
Batting: LHB John Myers 0-0: Foul Ball, location: 3F
0-1: Swinging Strike
0-2: Ball
1-2: Ball
2-2: Ball
3-2: Foul Ball, location: 5F
3-2: Base on Balls
Atas Sekayi to second
Batting: RHB Ezra Schneider 0-0: Called Strike
0-1: Swinging Strike
0-2: Ground out 1-3 (Groundball, 13, EV 68.1 MPH)
Top of the 6th over - 1 run, 2 hits, 0 errors, 2 left on base; Philadelphia 3 - St. Louis 0
BOTTOM OF THE 6TH
St. Louis Cardinals batting - Pitching for Philadelphia Phillies : RHP Mike Lowery
Batting: LHB Steve Rivera 0-0: Ball
1-0: Swinging Strike
1-1: Ball
2-1: Called Strike
2-2: SINGLE (Line Drive, 6D, EV 104.4 MPH)
Batting: RHB Leland Vogler 0-0: Foul Ball, location: 2F
0-1: Ball
1-1: Ball
2-1: Swinging Strike
2-2: Single, Error in OF, E8, batter to second base (Line Drive, 8RS, EV 103.8 MPH)
Steve Rivera to third
Batting: LHB Jeremy Dalton 0-0: Ball
1-0: Ball
2-0: Called Strike
2-1: SINGLE (Line Drive, 4MD, EV 100.0 MPH)
Steve Rivera scores
Leland Vogler to third
Batting: LHB Víctor Becerra 0-0: Foul Ball, location: 9LSF
Pickoff Throw to First - Out! 1-3
0-1: DOUBLE (Groundball, 3L, EV 101.3 MPH)
Leland Vogler scores
Batting: RHB Ric Hodges 0-0: Ball
1-0: SINGLE (Flyball, 6MD, EV 95.6 MPH)
Víctor Becerra to third
Batting: SHB Emiliano Girometta 0-0: Ball
1-0: DOUBLE (Flyball, 89D, EV 110.6 MPH)
Víctor Becerra scores
Ric Hodges to third
Runner from 3rd tries for Home, SAFE, no throw by CF
Batting: RHB Hua Tu 0-0: Ball
1-0: DOUBLE (Flyball, 89D, EV 103.8 MPH)
Emiliano Girometta scores
Pitching: RHP Russ Brown
Batting: RHB Charlie Kerr 0-0: Foul Ball, location: 2F
0-1: Ground out 5-3 (Groundball, 5, EV 103.8 MPH)
Batting: LHB Jack O'Keefe 0-0: Ball
1-0: Foul Ball, location: 5F
1-1: Swinging Strike
1-2: Ball
2-2: Foul Ball, location: 5F
2-2: Strikes out swinging
Bottom of the 6th over - 5 runs, 7 hits, 1 error, 1 left on base; Philadelphia 3 - St. Louis 5
TOP OF THE 7TH
Philadelphia Phillies batting - Pitching for St. Louis Cardinals : RHP Tomás Velasco
Pitching: RHP Mark Guthrie
Batting: RHB Alfonso Díaz 0-0: Ground out 6-3 (Groundball, 56, EV 93.8 MPH)
Batting: RHB Kei Goto 0-0: Fly out, F8 (Flyball, 8LD, EV 101.9 MPH)
Batting: LHB Tom Huey 0-0: Called Strike
0-1: Ball
1-1: Ball
2-1: Ball
3-1: Swinging Strike
3-2: Strikes out swinging
Top of the 7th over - 0 runs, 0 hits, 0 errors, 0 left on base; Philadelphia 3 - St. Louis 5
BOTTOM OF THE 7TH
St. Louis Cardinals batting - Pitching for Philadelphia Phillies : RHP Russ Brown
Batting: LHB Steve Rivera 0-0: Foul Ball, location: 25F
0-1: Ball
1-1: Ball
2-1: Ball
3-1: Base on Balls
Batting: RHB Leland Vogler 0-0: Ball
Steve Rivera steals 2nd base
1-0: DOUBLE (Flyball, 89D, EV 108.1 MPH)
Steve Rivera scores
Batting: LHB Jeremy Dalton 0-0: Called Strike
0-1: Ball
1-1: Ball
2-1: Foul Ball, location: 3SF
2-2: Fly out, F5 (Popup, 5SF, EV 74.4 MPH)
Batting: LHB Víctor Becerra 0-0: Ball
1-0: Foul Ball, location: 7LSF
1-1: Swinging Strike
1-2: Strikes out swinging
Batting: RHB Ric Hodges 0-0: Ball
1-0: SINGLE (Groundball, 6MD, EV 101.9 MPH)
Leland Vogler to third
Runner from 3rd tries for Home, SAFE, throw by CF to home
Batting: SHB Emiliano Girometta 0-0: Called Strike
0-1: SINGLE (Groundball, P, EV 76.3 MPH) (infield hit)
Ric Hodges to second
Batting: RHB Hua Tu 0-0: Foul Ball, location: 2F
0-1: Ball
1-1: Called Strike
1-2: SINGLE (Line Drive, 34, EV 98.1 MPH)
Ric Hodges to third
Emiliano Girometta to second
Runner from 3rd tries for Home, SAFE, throw by RF to home
Pitching: RHP Mark Fletcher
Batting: RHB Charlie Kerr 0-0: SINGLE (Line Drive, 8LS, EV 98.1 MPH)
Emiliano Girometta to third
Hua Tu to second
Batting: LHB Jack O'Keefe 0-0: Ball
1-0: Called Strike
1-1: Ball
2-1: Ball
3-1: Base on Balls
Emiliano Girometta scores
Hua Tu to third
Charlie Kerr to second
Batting: LHB Steve Rivera 0-0: Ball
1-0: Called Strike
1-1: SINGLE (Groundball, 34D, EV 108.1 MPH)
Hua Tu scores
Charlie Kerr to third
Jack O'Keefe to second
Runner from 3rd tries for Home, SAFE, throw by RF to home
Jack O'Keefe to third
Steve Rivera to second
Batting: RHB Leland Vogler 0-0: Called Strike
0-1: Ground out 5-3 (Groundball, 56S, EV 87.5 MPH)
Bottom of the 7th over - 6 runs, 6 hits, 0 errors, 2 left on base; Philadelphia 3 - St. Louis 11
TOP OF THE 8TH
Philadelphia Phillies batting - Pitching for St. Louis Cardinals : RHP Mark Guthrie
Batting: LHB César Pérez 0-0: Called Strike
0-1: Called Strike
0-2: Ball
1-2: Foul Ball, location: 2F
1-2: Strikes out swinging
Batting: RHB Vincente López 0-0: Ball
1-0: Foul Ball, location: 2F
1-1: Ball
2-1: SINGLE (Line Drive, 89M, EV 103.1 MPH)
Pinch Hitting: RHB Jesús Martínez 0-0: Called Strike
0-1: SINGLE (Groundball, 56D, EV 100.6 MPH)
Vincente López to second
Batting: RHB Atas Sekayi 0-0: Ball
1-0: Ball
2-0: Foul Ball, location: 2F
2-1: Ball
3-1: Called Strike
3-2: Grounds into double play, 6-4-3 (Groundball, 6M, EV 100.0 MPH)
Top of the 8th over - 0 runs, 2 hits, 0 errors, 1 left on base; Philadelphia 3 - St. Louis 11
BOTTOM OF THE 8TH
St. Louis Cardinals batting - Pitching for Philadelphia Phillies : RHP Mark Fletcher
Now in LF: Tom Huey
Now in RF: Marty Garland
Batting: LHB Jeremy Dalton 0-0: Foul Ball, location: 7LSF
0-1: Foul Ball, location: 7LDF
0-2: Strikes out swinging
Batting: LHB Víctor Becerra 0-0: Foul Ball, location: 2F
0-1: Called Strike
0-2: Fly out, F5 (Popup, 5, EV 72.5 MPH)
Batting: RHB Ric Hodges 0-0: Ball
1-0: Ground out 6-3 (Groundball, 6S, EV 70.6 MPH)
Bottom of the 8th over - 0 runs, 0 hits, 0 errors, 0 left on base; Philadelphia 3 - St. Louis 11
TOP OF THE 9TH
Philadelphia Phillies batting - Pitching for St. Louis Cardinals : RHP Mark Guthrie
Batting: LHB John Myers 0-0: Called Strike
0-1: Ball
1-1: Ball
2-1: Foul Ball, location: 7LSF
2-2: Ball
3-2: Foul Ball, location: 7LMF
3-2: Strikes out looking
Batting: RHB Ezra Schneider 0-0: SINGLE (Line Drive, 9S, EV 90.0 MPH)
Pitching: RHP Carlos Miranda
Batting: RHB Alfonso Díaz 0-0: Called Strike
0-1: Ball
1-1: Ball
2-1: Foul Ball, location: 2F
2-2: Ball
3-2: Foul Ball, location: 9LSF
3-2: Foul Ball, location: 9LMF
3-2: Base on Balls
Ezra Schneider to second
Batting: RHB Kei Goto 0-0: Ball
1-0: Ball
2-0: Ball
3-0: Called Strike
3-1: Base on Balls
Ezra Schneider to third
Alfonso Díaz to second
Batting: LHB Tom Huey 0-0: Foul Ball, location: 2F
0-1: Foul Ball, location: 5F
0-2: Ball
1-2: Foul Ball, location: 3DF
1-2: Grounds into fielders choice 4-2 (Groundball, 34, EV 90.6 MPH)
Alfonso Díaz to third
Kei Goto to second
Batting: LHB César Pérez 0-0: Ball
1-0: Swinging Strike
1-1: Foul Ball, location: 25F
1-2: Strikes out swinging
Top of the 9th over - 0 runs, 1 hit, 0 errors, 3 left on base; Philadelphia 3 - St. Louis 11
Saturday, May 4th , 2024 - OOTP Baseball 24.10 Build 82